Map: Orbital Shipyard

Players

superhcw

  • Race: Terran Terran
  • League: Gold

Florencio - Winner!

  • Race: Protoss Protoss

VOD

Have the link to the VOD?

Description

Time

  • Played on: Jan. 30, 2016, 2:01 p.m.
  • Length: 17:36
Show
View Real Time Build Order
Export as new Build Order

superhcw Terran 

Build Orders: MMM Bio 

Get SALT Encoding   

  12  0:00  SCV  
  13  0:13  SCV  
  14  0:23  Supply Depot  
  14  0:26  SCV  
  15  0:33  Refinery  
  15  0:44  SCV  
  15  0:47  Barracks  
  16  0:56  SCV  
  17  1:09  SCV  
  18  1:21  SCV  
  19  1:33  SCV  
  19  1:36  Reaper  
  19  1:38  Supply Depot  
  21  1:45  SCV  
  22  1:52  Command Center  
  22  1:57  SCV  
  23  2:05  Factory  
  23  2:09  SCV  
  23  2:12  Refinery  
  24  2:23  SCV  
  24  2:27  Barracks Reactor  
  25  2:30  Barracks  
  25  2:36  SCV  
  26  2:53  Widow Mine  
  26  2:55  Engineering Bay  
  28  3:00  Orbital Command  
  28  3:08  SCV  
  28  3:12  Marine x2  
  31  3:16  Marine  
  32  3:25  Missile Turret x2  
  32  3:28  Missile Turret  
  32  3:30  SCV  
  32  3:31  SCV  
  34  3:40  Barracks  
  34  3:43  Barracks Tech Lab  
  34  3:45  Marine  
  34  3:47  Marine  
  36  3:55  SCV  
  37  4:05  Marine x3  
  37  4:07  SCV  
  36  4:24  Marine  
  36  4:25  Marine  
  32  4:48  Marine x4  
  36  5:01  Widow Mine  
  36  5:03  SCV  
  36  5:05  Marine  
  36  5:06  Terran Infantry Weapons Level 1  
  40  5:07  Starport  
  40  5:09  Stimpack  
  40  5:15  SCV, Barracks Tech Lab  
  40  5:17  Barracks  
  41  5:27  SCV  
  42  5:32  Orbital Command  
  42  5:35  Marauder x2  
  46  5:42  Supply Depot  
  46  5:44  Supply Depot  
  46  6:02  Factory Reactor  
  46  6:03  Marine x2  
  46  6:04  SCV, Marauder x2  
  53  6:05  Medivac  
  55  6:13  Barracks Reactor  
  55  6:16  SCV  
  56  6:21  Marine x2  
  58  6:28  SCV  
  58  6:31  Barracks  
  61  6:33  Marauder  
  61  6:38  Supply Depot  
  61  6:39  Marine, Supply Depot  
  62  6:41  Supply Depot  
  62  6:59  Marine  
  62  7:00  Marauder  
  67  7:01  Marauder, Marine x3  
  67  7:06  Medivac x2  
  74  7:12  Combat Shields, Command Center  
  74  7:13  Concussive Shells  
  74  7:17  Marine  
  74  7:18  SCV x2  
  74  7:21  Refinery x2  
  77  7:30  SCV x2  
  77  7:34  Barracks Reactor  
  77  7:36  Factory Reactor  
  79  7:39  Medivac, Barracks  
  79  7:42  SCV x2  
  72  8:10  Marine x4  
  72  8:11  Marine x2  
  78  8:15  Marauder x2  
  82  8:20  Engineering Bay  
  82  8:24  Armory  
  82  8:27  Supply Depot  
  82  8:29  Supply Depot  
  82  8:35  SCV x2  
  82  8:38  Medivac x2  
  88  8:46  Planetary Fortress  
  88  8:47  SCV x2  
  90  8:59  SCV x2  
  91  9:11  SCV x2  
  93  9:19  Marine x4  
  93  9:20  Marine x4  
  89  9:42  SCV x2  
  91  9:48  Supply Depot  
  91  9:50  Supply Depot  
  91  9:53  Marine x7  
  91  9:54  SCV x2, Marine  
  101  10:07  Supply Depot  
  101  10:10  Medivac x2, SCV x2, Marine  
  108  10:16  Engineering Bay  
  108  10:17  Engineering Bay  
  108  10:22  SCV x2  
  110  10:34  SCV x2  
  112  10:40  Supply Depot  
  112  10:42  Supply Depot  
  112  10:43  Supply Depot  
  112  10:45  Terran Infantry Armor Level 1  
  112  10:46  SCV x2  
  114  10:50  Medivac  
  114  10:51  Medivac  
  118  10:58  Armory, SCV x2  
  120  11:05  Refinery  
  120  11:09  Marauder x2, Marine x6  
  120  11:10  SCV, Marine x2  
  133  11:24  Factory Reactor  
  133  11:27  Viking x2  
  133  11:32  Starport  
  137  11:33  Starport  
  137  11:35  Supply Depot x2  
  137  11:37  SCV x3  
  137  11:38  Supply Depot  
  140  11:45  Refinery  
  140  11:49  SCV, Marauder  
  140  11:50  Marauder, Marine x3  
  140  11:51  Marine  
  149  11:56  Marine x4  
  149  12:00  Supply Depot x2  
  153  12:03  Viking x2  
  157  12:14  Starport Reactor  
  155  12:26  Viking  
  153  12:33  Viking x2  
  152  12:58  Marine x2  
  152  12:59  Marine x7  
  138  13:51  Command Center  
  138  13:57  Supply Depot  
  138  13:58  Supply Depot  
  138  13:59  Command Center  
  138  14:19  Marine x8, Viking x2  
  138  14:22  Supply Depot  
  150  14:24  Supply Depot  
  150  14:43  Marine x8  
  158  14:46  Marine  
  158  14:49  Viking x2  
  162  15:01  Marine x6  
  162  15:03  Marine  
  149  15:19  Viking x2  
  140  15:49  Viking x2  
  112  16:36  Marine x3  
  117  16:45  Barracks  
  99  16:47  Barracks  
  99  16:54  Marine x3  
Show
View Real Time Build Order
Export as new Build Order

Florencio Protoss - Winner!

Build Orders: Oracle Opening 

Get SALT Encoding   

  12  0:01  Probe (Chrono Boost)  
  13  0:11  Probe (Chrono Boost)  
  14  0:21  Pylon  
  14  0:23  Probe (Chrono Boost)  
  15  0:39  Probe (Chrono Boost)  
  15  0:40  Gateway  
  17  0:50  Probe (Chrono Boost)  
  17  0:54  Assimilator  
  17  1:02  Assimilator  
  17  1:03  Probe (Chrono Boost)  
  18  1:14  Probe (Chrono Boost)  
  19  1:22  Pylon  
  19  1:24  Probe (Chrono Boost)  
  20  1:31  Cybernetics Core  
  20  1:35  Probe (Chrono Boost)  
  21  1:45  Probe (Chrono Boost)  
  22  1:59  Nexus  
  22  2:03  Probe (Chrono Boost)  
  23  2:14  Mothership Core (Chrono Boost)  
  25  2:17  Stalker  
  27  2:28  Stargate  
  27  2:32  Probe (Chrono Boost)  
  28  2:46  Probe (Chrono Boost)  
  29  3:12  Oracle, Pylon  
  32  3:13  Pylon  
  32  3:22  Probe x2 (Chrono Boost)  
  34  3:33  Probe x2 (Chrono Boost)  
  36  3:36  Nexus  
  36  3:43  Probe (Chrono Boost)  
  36  3:44  Probe (Chrono Boost)  
  38  3:56  Void Ray  
  38  3:58  Pylon  
  42  4:47  Void Ray (Chrono Boost)  
  46  4:53  Probe, Stargate  
  46  4:55  Probe, Stargate  
  46  4:59  Probe  
  46  5:00  Pylon  
  46  5:04  Probe  
  48  5:07  Probe  
  48  5:09  Probe, Pylon  
  50  5:14  Probe, Assimilator  
  50  5:19  Probe, Assimilator  
  50  5:20  Probe  
  52  5:25  Probe  
  52  5:26  Forge  
  54  5:30  Probe  
  54  5:31  Probe  
  54  5:32  Void Ray (Chrono Boost)  
  60  5:36  Probe  
  60  5:41  Probe  
  62  5:43  Probe  
  62  5:46  Probe  
  68  5:50  Void Ray (Chrono Boost)  
  68  5:51  Probe  
  68  5:56  Probe  
  68  5:57  Probe  
  70  6:02  Probe  
  70  6:03  Photon Cannon  
  72  6:04  Photon Cannon  
  72  6:06  Photon Cannon  
  72  6:07  Probe, Pylon  
  72  6:08  Photon Cannon, Probe  
  71  6:53  Void Ray x3 (Chrono Boost)  
  83  7:03  Fleet Beacon  
  83  7:06  Assimilator  
  83  7:11  Assimilator  
  83  7:26  Photon Cannon  
  83  7:36  Probe  
  83  7:37  Probe x2  
  86  7:46  Probe  
  86  7:49  Probe x2  
  85  7:57  Probe  
  82  8:01  Probe  
  84  8:10  Probe  
  85  8:15  Carrier x2 (Chrono Boost)  
  85  8:16  Pylon x2, Graviton Catapult  
  85  8:18  Pylon  
  103  8:20  Pylon  
  103  8:22  Probe, Stargate  
  103  8:26  Carrier (Chrono Boost)  
  104  8:41  Pylon  
  104  8:45  Photon Cannon  
  104  8:48  Photon Cannon  
  104  8:50  Photon Cannon  
  104  8:52  Photon Cannon  
  104  8:54  Photon Cannon  
  104  8:56  Pylon  
  103  9:42  Pylon  
  103  9:44  Pylon  
  103  9:45  Photon Cannon  
  103  9:47  Photon Cannon  
  103  9:48  Carrier x2 (Chrono Boost)  
  103  9:49  Probe, Pylon  
  128  9:59  Carrier x2 (Chrono Boost), Probe  
  129  10:00  Probe  
  130  10:10  Probe  
  130  10:12  Probe  
  132  10:22  Photon Cannon  
  132  10:25  Photon Cannon  
  132  10:45  Probe  
  133  10:56  Probe  
  133  10:59  Nexus  
  133  11:00  Pylon, Protoss Shields Level 1  
  146  11:05  Carrier x2 (Chrono Boost)  
  158  11:25  Carrier x2 (Chrono Boost)  
  158  11:40  Photon Cannon x2  
  158  11:42  Photon Cannon  
  158  11:43  Pylon  
  158  11:58  Pylon  
  156  13:26  Void Ray x2 (Chrono Boost)  
  172  13:32  Void Ray x2 (Chrono Boost)  
  172  13:42  Pylon  
  172  13:43  Assimilator  
  172  13:48  Assimilator  
  172  14:03  Void Ray (Chrono Boost)  
  180  14:14  Void Ray (Chrono Boost)  
  180  14:18  Nexus  
  180  14:19  Void Ray (Chrono Boost)  
  188  14:25  Void Ray (Chrono Boost)  
  188  14:29  Twilight Council  
  188  14:33  Gateway  
  188  14:36  Gateway  
  188  14:37  Gateway  
  184  16:43  Nexus  
  184  16:53  Nexus  
Tags
 
Composition
MMM Bio
League
Gold
Matchup
PvT
Add a new tag
Caveats
  • Supply blocks, unpowered buildings, or Contaminate may cause inaccurate times.
  • Supply counts are checked every 10 seconds.